Map: Ulrena

Players

LilDicky - Winner!

  • Race: Terran Terran
  • League: Diamond

JamesBond

  • Race: Terran Terran
  • League: Platinum

VOD

http://www.twitch.tv/tumescentpie

Description

Time

  • Played on: Jan. 3, 2016, 4:09 a.m.
  • Length: 7:17
Show
View Real Time Build Order
Export as new Build Order

LilDicky Terran - Winner!

Build Orders: Liberator Opening 

Get SALT Encoding   

  12  0:02  SCV  
  13  0:14  SCV  
  14  0:25  Supply Depot  
  14  0:35  SCV  
  15  0:48  SCV  
  16  0:52  Refinery  
  16  0:54  Barracks  
  16  1:08  SCV  
  17  1:27  SCV, Refinery  
  19  1:44  Marine  
  20  1:47  Supply Depot  
  20  1:48  Orbital Command  
  19  2:02  Factory, Marine  
  20  2:14  SCV  
  21  2:30  SCV  
  21  2:34  Marine  
  23  2:42  SCV  
  24  2:44  Supply Depot  
  24  2:45  Factory Tech Lab  
  24  2:49  Starport  
  24  2:52  Marine  
  25  3:08  SCV  
  25  3:10  Marine, Liberator  
  27  3:13  Siege Tank  
  27  3:19  Engineering Bay  
  30  3:20  SCV  
  30  3:22  Supply Depot  
  31  3:29  Marine  
  31  3:32  SCV  
  36  3:44  SCV  
  36  3:47  Siege Tank  
  40  3:53  Liberator  
  38  3:57  SCV  
  38  4:02  Marine  
  39  4:09  SCV  
  40  4:10  Missile Turret  
  43  4:21  SCV  
  44  4:33  SCV  
  42  4:57  Marine  
  42  4:58  Siege Tank  
  45  5:06  SCV  
  46  5:18  Missile Turret  
  46  5:20  Missile Turret  
  38  5:30  Siege Tank  
  38  5:31  Liberator  
  41  5:38  SCV  
  42  5:45  Starport  
  45  5:50  SCV  
  45  5:51  Command Center  
  45  5:56  Refinery  
  46  5:57  Refinery, Missile Turret  
  46  6:21  SCV  
  47  6:31  Marine  
  46  6:41  SCV  
Show
View Real Time Build Order
Export as new Build Order

JamesBond Terran 

Build Orders: Reaper Expand 

Get SALT Encoding   

  12  0:08  Supply Depot  
  12  0:12  SCV  
  13  0:35  Barracks  
  13  0:37  Refinery  
  13  0:38  SCV  
  14  0:50  SCV  
  15  1:03  SCV  
  16  1:15  SCV  
  17  1:23  Reaper  
  18  1:34  Command Center  
  18  1:37  SCV  
  19  1:52  SCV, Barracks  
  20  1:58  Barracks Reactor  
  20  2:06  SCV  
  21  2:12  Barracks  
  21  2:28  SCV  
  22  2:35  Marine  
  23  2:43  Supply Depot  
  23  2:44  Orbital Command  
  23  2:46  Marine  
  23  2:50  Orbital Command  
  24  2:53  Marine  
  24  2:56  Marine  
  26  3:00  Marine  
  27  3:07  Marine  
  27  3:11  SCV, Marine  
  30  3:14  Marine  
  30  3:17  SCV  
  30  3:18  Marine  
  33  3:23  SCV  
  33  3:25  Marine  
  35  3:30  Marine  
  35  3:32  Marine  
  37  3:35  SCV x2, Marine  
  40  3:41  Supply Depot  
  40  3:42  Marine  
  40  3:48  Marine  
  41  3:50  Marine  
  41  3:53  Marine  
  42  4:00  Marine  
  42  4:01  SCV x2  
  44  4:11  Factory  
  44  4:13  SCV x2, Factory  
  46  4:19  Supply Depot  
  46  4:21  Supply Depot  
  46  4:23  Refinery  
  46  4:24  Refinery  
  46  4:25  Marine  
  46  4:26  Marine x3  
  46  4:27  Refinery  
  46  4:55  SCV x2  
  46  4:57  Factory Tech Lab  
  46  4:58  Factory Tech Lab  
  48  5:01  Marine x2  
  50  5:07  SCV x2  
  50  5:12  Command Center  
  52  5:19  SCV  
  52  5:20  SCV  
  49  5:26  Marine  
  47  5:34  Siege Tank  
  49  5:36  Marine x3  
  52  5:44  Marine  
  52  5:53  Siege Tank, Marine  
  52  5:54  Marine x2  
  52  5:56  SCV x2  
  60  6:02  Marine  
  61  6:05  Engineering Bay  
  61  6:08  SCV  
  55  6:11  Marine x3  
  55  6:13  Supply Depot  
  55  6:14  SCV  
  55  6:15  Supply Depot  
  59  6:20  SCV, Marine  
  56  6:29  Marine x3  
  55  6:38  Marine  
Tags
 
Add a new tag
Caveats
  • Supply blocks, unpowered buildings, or Contaminate may cause inaccurate times.
  • Supply counts are checked every 10 seconds.